 Dungeon Crawl Stone Soup version 0.29.1-15-g9cfb28693d (webtiles) character file.

Game seed: 6891395681443924052

10 Gustavia the Ducker (level 2, -1/16 HPs)
             Began as a Spriggan Abyssal Knight on Mar 7, 2023.
             Was a Follower of Lugonu.
             Frozen to death by an endoplasm (4 damage)
             ... on level 2 of the Dungeon.
             The game lasted 00:04:42 (1332 turns).

Gustavia the Ducker (Spriggan Abyssal Knight)       Turns: 1332, Time: 00:04:42

Health: -1/16      AC:  2    Str:  6 (9)  XL:     2   Next: 10%
Magic:  4/4        EV: 17    Int:  9 (11) God:    Lugonu [*.....]
Gold:   80         SH:  0    Dex: 14 (15) Spells: 1/1 levels left

rFire   . . .      SeeInvis +   a - +1 short sword
rCold   . . .      Faith    .   d - orb {mayhem}
rNeg    . . .      Spirit   .   b - +0 robe
rPois   .          Reflect  .   (helmet restricted)
rElec   .          Harm     .   (no cloak)
rCorr   .          Rampage  .   (gloves unavailable)
Will    .....                   (boots unavailable)
Stlth   +.........              (no amulet)
HPRegen 0.05/turn               (no ring)
MPRegen 0.09/turn               (no ring)

@: about to teleport, very quick
A: very small, no large weapons, unfitting armour, see invisible, speed 3
a: Renounce Religion, Depart the Abyss


You were on level 2 of the Dungeon.
You worshipped Lugonu.
Lugonu was aware of your devotion.
You visited 1 branch of the dungeon, and saw 2 of its levels.
You visited the Abyss 1 time.

You collected 80 gold pieces.

Inventory:

Hand Weapons
 a - a +1 short sword (weapon)
Armour
 b - a +0 robe (worn)
 d - an orb of mayhem (worn)
Scrolls
 c - 2 scrolls of identify
 e - a scroll of teleportation


   Skills:
 + Level 2.7 Fighting
 + Level 2.2 Short Blades
 + Level 3.3 Dodging
 + Level 0.1 Stealth
 + Level 1.9 Invocations


You had one spell level left.
You didn't know any spells.
Your spell library contained the following spells:

 Spells                   Type           Power      Damage    Failure   Level
 Necrotise                Necr           0%         1d4       38%         1
 Vampiric Draining        Necr           0%         2d6       77%         3
 Agony                    Necr           0%         N/A       100%        5


Dungeon Overview and Level Annotations

Branches:
Dungeon (2/15)

Altars:


Innate Abilities, Weirdness & Mutations

You are very small and have problems with some larger weapons.
You are too small for most types of armour.
You have supernaturally acute eyesight. (SInv)
You cover ground extremely quickly. (Speed+++)


Message History

Found a stone staircase leading up.
A ball python comes into view.
Found 14 gold pieces.
A kobold comes into view. It is wielding a +0 short sword.
The kobold shouts!
The ball python bites you but does no damage.
The ball python barely misses you.
You see here 13 gold pieces.
You hit the ball python but do no damage.
The ball python bites you. The ball python grabs you.
The ball python constricts you.
You closely miss the ball python.
The ball python bites you but does no damage.
The ball python constricts you.
An endoplasm comes into view.
The ball python closely misses you. The ball python constricts you.
You closely miss the ball python. The ball python barely misses you.
The ball python constricts you.
You escape the ball python's grasp.
You hit the ball python.
The ball python is heavily wounded.
The ball python barely misses you. x2
You hit the ball python but do no damage.
The ball python is heavily wounded.
The ball python bites you. The ball python barely misses you.
The kobold hits you with a +0 short sword.
You hit the ball python.
You kill the ball python!
Lugonu accepts your kill.
The kobold hits you with a +0 short sword.
You closely miss the kobold. The kobold barely misses you.
You barely miss the kobold. The endoplasm hits you.
* * * LOW HITPOINT WARNING * * *
The kobold closely misses you.
You aren't carrying any potions.
As you read the scroll of teleportation, it crumbles to dust.
You feel strangely unstable. The endoplasm freezes you.
You are frozen.
You die...

#..# ## #..# . ..
#..#####. .. #. #..##...
.##.####..##.# .#
............# #.# #
............###.# #.#
... #.#............# #.#
....#.#@....##.##### #.#
###...JK....##.# #..
...$...$....##.#######..
.###..<.....##........).
#..#...#.##########..
#.......... ###..
.......#....######....
###.###.....#.......#..
#. #.#....######....


You could see an endoplasm and a kobold.

Vanquished Creatures
  3 bats (D:1)
  2 endoplasms (D:1)
  2 ball pythons
  A frilled lizard (D:1)
  A kobold (D:1)
9 creatures vanquished.

Notes
Turn   | Place    | Note
-------+----------+-------------------------------------------
     0 | Abyss:1  | Gustavia the Spriggan Abyssal Knight began the quest for
                  | the Orb.
     0 | Abyss:1  | Reached XP level 1. HP: 11/11 MP: 3/3
     5 | D:1      | Escaped the Abyss
   895 | D:1      | Reached XP level 2. HP: 16/16 MP: 4/4
  1165 | D:1      | Found a faded altar of an unknown god.
  1332 | D:2      | Frozen to death by an endoplasm

Illustrated notes

Levels and vault maps discovered:
D:1:      scummos_arrival_gate, layout_loops_ring,
          hellmonk_ecumenical_altar_lost_god
D:2:      layout_loops_ring, minmay_tromino_i2

Action                   || total
-------------------------++-------
Melee: Short sword       ||    50
Invok: Depart the Abyss  ||     1
  Use: Potion            ||     2
       Scroll            ||     3
 Stab: Sleeping          ||     1
Armor: Robe              ||     9
Dodge: Dodged            ||    59
